 Dungeon Crawl Stone Soup version 0.30.0-29-ga12c61a403 (webtiles) character file.

Game seed: 11447477975120419211

2058 safid the Frost Mage (level 9, -6/72 HPs)
             Began as a Merfolk Ice Elementalist on June 21, 2023.
             Was an Initiate of Vehumet.
             Mangled by Duvessa
             ... wielding a +0 rapier
              (17 damage)
             ... on level 6 of the Dungeon.
             The game lasted 00:12:16 (7219 turns).

safid the Frost Mage (Merfolk Ice Elementalist)     Turns: 7219, Time: 00:12:17

Health: -6/72      AC: 11    Str: 14    XL:     9   Next: 25%
Magic:  10/18      EV: 12    Int: 18    God:    Vehumet [......]
Gold:   58         SH:  0    Dex: 15    Spells: 14/21 levels left

rFire   . . .        t - +2 dagger (venom)
rCold   + . .        (no shield)
rNeg    . . .        a - +0 robe
rPois   .            h - +1 helmet
rElec   .            (no cloak)
rCorr   .            (no gloves)
SInv    .            (no boots)
Will    .....        (no amulet)
Stlth   +            q - ring of protection from cold
HPRegen 0.32/turn    s - +6 ring of strength
MPRegen 0.16/turn

%: no passive effects
@: lit by a corona, ice-armoured, glowing
A: (nimble swimmer 2), mertail
a: Renounce Religion


You were on level 6 of the Dungeon.
You worshipped Vehumet.
Vehumet was noncommittal.
You visited 2 branches of the dungeon, and saw 7 of its levels.
You also visited: Sewer.

You collected 323 gold pieces.
You spent 265 gold pieces at shops.

Inventory:

Hand Weapons
 t - a +2 dagger of venom (weapon)
Missiles
 y - a curare-tipped dart
Armour
 a - a +0 robe (worn)
 h - a +1 helmet (worn)
Jewellery
 q - a ring of protection from cold (left hand)
 s - a +6 ring of strength (right hand)
Wands
 d - a wand of paralysis (6)
Scrolls
 e - 2 scrolls of fear
 i - a scroll of enchant weapon
 k - a scroll of summoning
 l - 2 scrolls of teleportation
 n - a scroll of brand weapon
 w - 2 scrolls of blinking
 A - a scroll of enchant armour
Potions
 b - 2 potions of magic
 c - 4 potions of heal wounds {unknown}
 g - 2 potions of degeneration {unknown}
 j - 3 potions of curing
 o - a potion of flight {unknown}
 p - 3 potions of ambrosia {unknown}
 r - a potion of brilliance {unknown}
 v - 2 potions of lignification {unknown}
 x - a potion of resistance {unknown}
 z - a potion of cancellation {unknown}
 B - a potion of haste {unknown}
 D - a potion of might {unknown}


   Skills:
 + Level 7.3 Fighting
 - Level 2.6 Dodging
 - Level 2.1 Stealth
 + Level 6.5 Spellcasting
 + Level 8.7 Ice Magic


You had 14 spell levels left.
You knew the following spells:

 Your Spells              Type           Power      Damage    Failure   Level
a - Freeze                Ice            100%       1d10      1%          1
b - Frozen Ramparts       Ice            74%        1d12      1%          3
c - Ozocubu's Armour      Ice            37%        N/A       1%          3

Your spell library contained the following spells:

 Spells                   Type           Power      Damage    Failure   Level
 Sandblast                Erth           10%        2d5       12%         1
 Passwall                 Tmut/Erth      4%         N/A       17%         2
 Summon Ice Beast         Ice/Summ       21%        N/A       19%         4
 Stone Arrow              Conj/Erth      10%        3d7       34%         3
 Summon Guardian Golem    Hex/Summ       5%         N/A       34%         3
 Orb of Destruction       Conj           2%         9d5       100%        7
 Spellforged Servitor     Conj/Summ      2%         N/A       100%        7


Dungeon Overview and Level Annotations

Branches:
Dungeon (6/15)             Temple (1/1) D:5           Sewer (visited)

Altars:
Ashenzari
Cheibriados
Dithmenos
Elyvilon
Gozag
Hepliaklqana
Kikubaaqudgha
Makhleb
Nemelex Xobeh
Okawaru
Qazlal
Ru
Sif Muna
Trog
Uskayaw
Vehumet
Wu Jian
Xom
Zin
The Shining One

Shops:
D:2 :   D:5 ?   D:6 [

Annotations:
D:6 Duvessa


Innate Abilities, Weirdness & Mutations

((You are very nimble when in or above water. (Stealth+, EV+, Speed+++)))
Your lower body shifts to a powerful aquatic tail in water.


Message History

Duvessa hits you with a +0 rapier.
Unknown command.
Casting: Ozocubu's Armour (safe; 1% risk of failure)
Confirm with . or Enter, or press ? or * to list all spells.
Aiming: Freeze (safe; 1% risk of failure)
Press: ? - help, Shift-Dir - straight line, f - Duvessa
Aim: Duvessa, wielding a +0 rapier and wearing a +0 ring mail (heavily wounded, berserk, very poisoned)
You freeze Duvessa.
Duvessa is heavily wounded.
The wall freezes Duvessa.
Duvessa closely misses you.
Unknown command.
Casting: Freeze (safe; 1% risk of failure)
Confirm with . or Enter, or press ? or * to list all spells.
Aiming: Freeze (safe; 1% risk of failure)
Press: ? - help, Shift-Dir - straight line, f/p - Duvessa
Aim: Duvessa, wielding a +0 rapier and wearing a +0 ring mail (heavily wounded, berserk, very poisoned)
You freeze Duvessa!
Duvessa is severely wounded.
The frozen ramparts melt away.
Duvessa hits you with a +0 rapier! Duvessa hits you but does no damage.
Casting: Freeze (safe; 1% risk of failure)
Confirm with . or Enter, or press ? or * to list all spells.
Aiming: Freeze (safe; 1% risk of failure)
Press: ? - help, Shift-Dir - straight line, f/p - Duvessa
Aim: Duvessa, wielding a +0 rapier and wearing a +0 ring mail (severely wounded, berserk, very poisoned)
You freeze Duvessa!
Duvessa is almost dead.
Duvessa hits you with a +0 rapier!
* * * LOW HITPOINT WARNING * * *
Casting: Freeze (safe; 1% risk of failure)
Confirm with . or Enter, or press ? or * to list all spells.
Aiming: Freeze (safe; 1% risk of failure)
Press: ? - help, Shift-Dir - straight line, f/p - Duvessa
Aim: Duvessa, wielding a +0 rapier and wearing a +0 ring mail (almost dead, berserk, very poisoned)
You freeze Duvessa.
Duvessa is almost dead.
Duvessa hits you with a +0 rapier!
* * * LOW HITPOINT WARNING * * *
Duvessa hits you with a +0 rapier!
You die...

### .?# #.#
#.# # #.#
#.##.##.#
#)...>)e#
#.##@#
#....########
#..#........#
#..########.#
#. #.# #. #.#
# #.# #.#
#.#######


You could see Duvessa (berserk, very poisoned).

Vanquished Creatures
  Pikel (D:6)
  A yak (D:5)
  A centaur (D:6)
  3 phantoms
  A lemure (D:6)
  2 kobold brigands (Sewer)
  3 scorpions
  Dowan (D:6)
  A vampire bat (D:3)
  A howler monkey (D:4)
  2 hounds (D:5)
  A jelly (D:6)
  2 sleepcaps
  3 iguanas
  2 orc wizards
  5 gnolls (D:5)
  7 river rats (Sewer)
  10 adders
  2 shadow imps (D:5)
  An ufetubus (D:4)
  A worm (D:5)
  5 dart slugs
  3 fire bats (D:3)
  16 orcs
  2 spectral bats (D:3)
  12 bats
  3 bat skeletons (D:3)
  A bat zombie (D:3)
  11 endoplasms
  5 giant cockroaches
  8 goblins
  8 hobgoblins
  A quokka (D:4)
  17 ball pythons
  A bat simulacrum (D:3)
  3 frilled lizards
  26 kobolds
  26 rats
199 creatures vanquished.

Notes
Turn   | Place    | Note
-------+----------+-------------------------------------------
     0 | D:1      | safid the Merfolk Ice Elementalist began the quest for the
                  | Orb.
     0 | D:1      | Reached XP level 1. HP: 13/13 MP: 3/3
   162 | D:1      | Reached XP level 2. HP: 17/20 MP: 1/5
   268 | D:1      | Reached skill level 1 in Fighting
   646 | D:1      | Reached XP level 3. HP: 20/26 MP: 4/6
  1023 | D:2      | Reached skill level 5 in Ice Magic
  1023 | D:2      | Reached XP level 4. HP: 33/33 MP: 4/8
  1027 | D:2      | Learned a level 3 spell: Frozen Ramparts
  1031 | D:2      | Learned a level 3 spell: Ozocubu's Armour
  1138 | D:2      | Found Poforitech's Book Emporium.
  2048 | D:3      | Reached XP level 5. HP: 38/39 MP: 5/9
  2224 | D:3      | Reached XP level 6. HP: 47/47 MP: 7/11
  3060 | D:4      | Reached skill level 6 in Ice Magic
  3184 | D:4      | Found a hide-covered altar of Uskayaw.
  3184 | D:4      | Found a burning altar of Makhleb.
  3494 | D:4      | Reached XP level 7. HP: 50/54 MP: 13/13
  4031 | D:5      | Entered Level 5 of the Dungeon
  4064 | D:5      | Found Siav's Magic Scroll Boutique.
  4080 | D:5      | Bought a scroll of magic mapping for 75 gold pieces
  4080 | D:5      | Bought a scroll of identify for 20 gold pieces
  4080 | D:5      | Bought a scroll of identify for 20 gold pieces
  4080 | D:5      | Bought a scroll of blinking for 75 gold pieces
  4080 | D:5      | Bought a scroll of blinking for 75 gold pieces
  4105 | D:5      | Found a shadowy altar of Dithmenos.
  4166 | D:5      | Found a glowing drain.
  4210 | Sewer    | Entered a sewer
  4303 | Sewer    | Reached skill level 5 in Fighting
  4391 | Sewer    | Reached skill level 7 in Ice Magic
  4538 | Sewer    | Reached XP level 8. HP: 59/62 MP: 8/15
  4539 | Sewer    | Reached skill level 5 in Spellcasting
  5537 | D:5      | Found a staircase to the Ecumenical Temple.
  5546 | Temple   | Entered the Ecumenical Temple
  5914 | Temple   | Became a worshipper of Vehumet
  6163 | D:5      | Found a sacrificial altar of Ru.
  6164 | D:5      | Found a glowing silver altar of Zin.
  6166 | D:5      | Found an ancient bone altar of Kikubaaqudgha.
  6168 | D:5      | Found a shimmering blue altar of Sif Muna.
  6168 | D:5      | Found a hazy altar of Hepliaklqana.
  6426 | D:6      | Noticed a yak
  6426 | D:6      | Noticed a yak
  6443 | D:5      | Killed a yak
  6634 | D:6      | Found Qerish's Antique Armour Emporium.
  6649 | D:6      | Reached skill level 8 in Ice Magic
  6700 | D:6      | Noticed Pikel
  6718 | D:6      | Killed Pikel
  6719 | D:6      | Reached XP level 9. HP: 70/72 MP: 11/18
  7204 | D:6      | Noticed Duvessa
  7204 | D:6      | Noticed Dowan
  7213 | D:6      | Killed Dowan
  7219 | D:6      | Mangled by Duvessa

Illustrated notes

Levels and vault maps discovered:
D:1:      matt_arrival_refuge, layout_rooms
D:2:      layout_rooms, serial_shops, nicolae_shop_hallway_stairs,
          nicolae_concentric_dashed_squares_mild
D:3:      layout_loops_ring, dreamdust_princess_bridge, goddamned_bats
D:4:      layout_loops_ring, nicolae_overflow_hidden_temple,
          minmay_snake_closets
D:5:      layout_rooms, grunt_dithmenos_shadows, grunt_temple_overflow_open,
          minmay_temple_entry_mist, cheibrodos_sewer_entry_bend, serial_shops,
          shop_scrolls, dreamdust_gnoll_farm
D:6:      layout_loops_ring, serial_shops, shop, nicolae_shop_tiny_waterfront,
          serial_bayou_crossing, uniq_duvessa, uniq_pikel
Temple:   minmay_temple_forest_path

Skill      XL: |  1  2  3  4  5  6  7  8 |
---------------+-------------------------+-----
Fighting       | 1 2 3 4 5 7 |  7.3
Ice Magic      | 5 6 7 8 |  8.7
Spellcasting   | 3 4 6 |  6.5
Dodging        | |  2.6
Stealth        | |  2.1

Action                     |  1- 3 |  4- 6 |  7- 9 || total
---------------------------+-------+-------+-------++-------
  Melee: Whip              |    54 |       |       ||    54
         Short sword       |    12 |   153 |       ||   165
         Punch             |     2 |     1 |     5 ||     8
         Dagger            |       |       |   251 ||   251
         Tailslap          |       |       |     1 ||     1
   Cast: Freeze            |    34 |     2 |    14 ||    50
         Frozen Ramparts   |       |    15 |    23 ||    38
         Ozocubu's Armour  |       |     4 |    24 ||    28
    Use: Scroll            |       |       |    11 ||    11
         Potion            |       |       |     1 ||     1
   Stab: Sleeping          |     3 |     4 |     5 ||    12
         Distracted        |     1 |       |       ||     1
 Armour: Robe              |    20 |    96 |    72 ||   188
  Dodge: Dodged            |    58 |   153 |   188 ||   399
